 Dungeon Crawl Stone Soup version 0.23.2 (webtiles) character file.

Game seed: 12983776817140373104

52 Menchi the Gusty (level 3, -7/20 HPs)
             Began as a Tengu Air Elementalist on Apr 4, 2019.
             Mangled by a gnoll
             ... wielding a +0 vampiric halberd
              (15 damage)
             ... on level 2 of the Dungeon.
             The game lasted 00:08:23 (1462 turns).

Menchi the Gusty (Tengu Air Elementalist)           Turns: 1462, Time: 00:08:23

Health: -7/20      AC:  3    Str:  8    XL:     3   Next: 85%
Magic:  1/7        EV: 13    Int: 16    God:
Gold:   34         SH:  0    Dex: 14    Spells: 4/7 levels left

rFire    . . .     SeeInvis .   n - +0 long sword
rCold    . . .     Gourm    .   (no shield)
rNeg     . . .     Faith    .   a - +0 robe
rPois    .         Spirit   .   (helmet restricted)
rElec    .         Reflect  .   (no cloak)
rCorr    .         Harm     .   k - +0 pair of gloves
MR       .....                  (boots unavailable)
Stlth    ++........             (no amulet)
HPRegen  0.06/turn              (no ring)
MPRegen  0.10/turn              (no ring)

@: swift, very slightly contaminated, quick
A: beak, talons 3
a: no special abilities


You were on level 2 of the Dungeon.
You were not hungry.

You visited 1 branch of the dungeon, and saw 2 of its levels.

You collected 34 gold pieces.

Inventory:

Hand Weapons
 n - a +0 long sword (weapon)
Armour
 a - a +0 robe (worn)
 k - a +0 pair of gloves (worn)
Jewellery
 m - an uncursed ring of flight {unknown}
Scrolls
 e - a scroll of teleportation
 i - a scroll of identify {unknown}
 j - a scroll of magic mapping {unknown}
 l - a scroll of remove curse {unknown}
Potions
 b - a potion of ambrosia {unknown}
 f - a potion of invisibility {unknown}
 g - a potion of curing {unknown}
Comestibles
 c - 3 rations
 h - 4 chunks of flesh


   Skills:
 * Level 1.2 Fighting
   Level 0.3 Short Blades
 + Level 2.5 Dodging
 - Level 2.0 Stealth
 + Level 2.5 Spellcasting
 * Level 1.3 Conjurations
 + Level 5.0 Air Magic


You had 4 spell levels left.
You knew the following spells:

 Your Spells              Type           Power        Failure   Level  Hunger
a - Shock                 Conj/Air       ##..         5%          1    #......
b - Swiftness             Chrm/Air       ##......     11%         2    ##.....

Your spell library contained the following spells:

 Spells                   Type           Power        Failure   Level  Hunger
 Static Discharge         Conj/Air       ##......     16%         3    ###....
 Airstrike                Air            ###.......   26%         4    #####..
 Lightning Bolt           Conj/Air       ##........   83%         5    ######.


Dungeon Overview and Level Annotations

Branches:
Dungeon (2/15)

Altars:


Innate Abilities, Weirdness & Mutations

You have a beak for a mouth.
You have claws for feet.


Message History

Casting: Shock (safe; 5% risk of failure)
Confirm with . or Enter, or press ? or * to list all spells.
Aiming: Shock (safe; 5% risk of failure)
Press: ? - help, Shift-Dir - straight line, f - gnoll, p - gnoll
Aim: a gnoll, wielding a +0 halberd (heavily wounded)
The zap hits the gnoll.
The gnoll is heavily wounded.
The zap hits the gnoll.
The gnoll is heavily wounded.
The zap hits the gnoll.
The gnoll is severely wounded.
The zap hits the gnoll.
The gnoll is almost dead.
Okay, then.
Casting: Shock (safe; 5% risk of failure)
Confirm with . or Enter, or press ? or * to list all spells.
You feel quick.
The gnoll hits you from afar with a +0 vampiric halberd!
Ouch! That really hurt!
You die...

### ######### #g.
........# #g#
######(#
#.#########......#
.#@g.....#........#
...
.#..####.##.)####.#
... .#..#<.......#
#.# ...
.#..####.#...# #.#
.. .#... ......##
#.# #.
.#.......#.... #.#
##.##.#########...##
#.# . #...........
....# #.#
..###.....######
###### #.#


You could see 3 gnolls.

Vanquished Creatures
  An adder (D:2)
  A dart slug (D:1)
  A leopard gecko (D:1)
  3 giant cockroaches (D:1)
  3 goblins (D:1)
  8 hobgoblins
  2 jackals (D:1)
  3 kobolds
  2 ball pythons
  5 bats
  2 frilled lizards (D:1)
  6 rats
37 creatures vanquished.

Notes
Turn   | Place    | Note
-------+----------+-------------------------------------------
     0 | D:1      | Menchi the Tengu Air Elementalist began the quest for the
                  | Orb.
     0 | D:1      | Reached XP level 1. HP: 10/10 MP: 4/4
   275 | D:1      | Reached XP level 2. HP: 15/15 MP: 4/6
   718 | D:1      | Reached skill level 1 in Fighting
   750 | D:1      | Reached XP level 3. HP: 20/20 MP: 7/7
  1347 | D:2      | Reached skill level 5 in Air Magic
  1363 | D:2      | Learned a level 2 spell: Swiftness
  1462 | D:2      | Mangled by a gnoll

Skill      XL: |  1  2  3 |
---------------+----------+-----
Fighting       | 1 |  1.2
Air Magic      | 5 |  5.0
Short Blades   | |  0.3
Dodging        | |  2.5
Stealth        | |  2.0
Spellcasting   | |  2.5
Conjurations   | |  1.3

Action                   || total
-------------------------++-------
Melee: Unarmed           ||    11
       Dagger            ||    53
       Peck              ||     6
       Kick              ||    13
 Cast: Shock             ||    31
       Swiftness         ||     1
  Use: Scroll            ||     1
 Stab: Sleeping          ||     5
  Eat: Chunk             ||     2
Armor: Robe              ||    26
Dodge: Dodged            ||    60
